 Dungeon Crawl Stone Soup version 0.29-a0-559-g359e09b9d1 (webtiles) character file.

653 Locuples the Covert (level 7, -3/40 HPs)
             Began as a Kobold Brigand on June 22, 2015.
             Splashed by a jelly's acid (9 damage)
             ... on level 5 of the Dungeon on June 10, 2022.
             The game lasted 00:20:53 (5512 turns).

Locuples the Covert (Kobold Brigand)                Turns: 5512, Time: 00:20:53

Health: -3/40      AC: -3    Str: 10    XL:     7   Next: 84%
Magic:  7/7        EV: 14    Int:  9    God:
Gold:   276        SH:  0    Dex: 19    Spells: 6/6 levels left

rFire   . . .      SeeInvis +   a - +2 dagger
rCold   . . .      Faith    .   (no shield)
rNeg    . . .      Spirit   .   p - +0 leather armour
rPois   .          Reflect  .   k - +0 helmet {SInv}
rElec   .          Harm     .   d - +0 cloak
rCorr   .          Rampage  .   (no gloves)
Will    .....                   (no boots)
Stlth   ++++......              (no amulet)
HPRegen 0.13/turn               (no ring)
MPRegen 0.10/turn               (no ring)

@: corroded
A: small, no large weapons
a: no special abilities


You were on level 5 of the Dungeon.
You visited 1 branch of the dungeon, and saw 5 of its levels.

You collected 276 gold pieces.

Inventory:

Hand Weapons
 a - a +2 dagger (weapon)
 b - a +0 blowgun
Missiles
 e - 31 poisoned darts (quivered)
 f - 2 curare-tipped darts
Armour
 d - a +0 cloak (worn)
 k - a +0 helmet of see invisible (worn)
 p - a +0 leather armour (worn)
Scrolls
 j - 3 scrolls of identify
 l - 3 scrolls of noise {unknown}
 q - a scroll of fear {unknown}
 s - a scroll of poison {unknown}
 t - 2 scrolls of teleportation {unknown}
 v - a scroll of immolation {unknown}
 w - a scroll of amnesia {unknown}
Potions
 c - a potion of magic {unknown}
 h - 2 potions of heal wounds
 i - 2 potions of attraction
 m - a potion of degeneration {unknown}
 n - a potion of mutation {unknown}
 o - a potion of brilliance {unknown}
 r - a potion of haste {unknown}
Comestibles
 g - a removed food


   Skills:
 - Level 2.6 Fighting
 + Level 6.7 Short Blades
 - Level 2.3 Throwing
 - Level 2.1 Dodging
 * Level 10.0 Stealth


You had 6 spell levels left.
You didn't know any spells.
Your spell library contained the following spells:

 Spells                   Type           Power      Damage    Failure   Level
 Blink                    Tloc           0%         N/A       63%         2
 Call Canine Familiar     Summ           0%         N/A       86%         3
 Lesser Beckoning         Tloc           0%         N/A       86%         3
 Portal Projectile        Hex/Tloc       0%         N/A       86%         3
 Tukima's Dance           Hex            0%         N/A       86%         3
 Leda's Liquefaction      Hex/Erth       0%         N/A       99%         4
 Passage of Golubria      Tloc           0%         N/A       99%         4
 Manifold Assault         Tloc           0%         N/A       100%        5
 Yara's Violent Unravell  Hex/Tmut       0%         3d3       100%        5


Dungeon Overview and Level Annotations

Branches:
Dungeon (5/15)
 Temple: D:4-7

Altars:
Cheibriados
Kikubaaqudgha
Okawaru

Shops:
D:2 =


Message History

You hit the orc wizard.
The orc wizard is almost dead.
The orc wizard hits you but does no damage.
You hit the orc wizard.
You kill the orc wizard!
Your Stealth skill increases to level 10!
The jelly barely misses you. The orc closely misses you. x2
Things that are here:
a +0 dagger; a +0 robe; an orc corpse You hit the orc.
The orc is heavily wounded.
The orc hits you with a +0 whip. The orc misses you. The jelly misses you.
The jelly attacks as you move away! The jelly misses you.
You hit the jelly. The acid corrodes you!
Your hands burn!
The jelly is lightly wounded.
The jelly hits you.
You are splashed with acid!
You hit the jelly.
Your hands burn!
The jelly is moderately wounded.
You hit the jelly.
Your hands burn!
The jelly is moderately wounded.
The jelly barely misses you.
It was a potion of heal wounds.
You feel much better. The jelly hits you.
You are splashed with acid!
You hit the jelly.
Your hands burn!
The jelly is heavily wounded.
The jelly hits you.
You are splashed with acid!
You hit the jelly but do no damage.
Your hands burn!
The jelly is heavily wounded.
You feel much better. The jelly closely misses you.
You hit the jelly but do no damage.
Your hands burn!
The jelly is heavily wounded.
The jelly hits you.
You are splashed with acid!
You hit the jelly but do no damage.
Your hands burn!
The jelly is heavily wounded.
The jelly hits you. The acid corrodes you!
You are splashed with acid!
* * * LOW HITPOINT WARNING * * *
The jelly attacks as you move away! The jelly hits you.
* * * LOW HITPOINT WARNING * * *
You are splashed with acid!
You die...

#.. ### #.#
... ... ..#
#.# #.# ...
#####.###.###
+...oo......#
#J###<#
#@#...#
#.#.#.####
#.........#
####......#
#......#
#......#
#......#
#......#
......#


You could see a jelly and 2 orcs.

Vanquished Creatures
  A phantom (D:4)
  2 necrophages (D:4)
  A bullfrog zombie (D:4)
  An orc priest (D:3)
  A human zombie (D:4)
  2 hounds (D:4)
  Terence (D:2)
  2 orc wizards
  2 hound zombies (D:4)
  5 mummies (D:4)
  7 adders
  An adder zombie (D:4)
  A worm (D:3)
  A dart slug (D:2)
  7 orcs
  A removed leopard gecko (D:1)
  4 endoplasms
  3 giant cockroaches
  8 hobgoblins
  4 jackals (D:1)
  6 kobolds
  3 quokkas
  2 ball pythons
  3 bats
  4 frilled lizards
  5 goblins
  3 rats
81 creatures vanquished.

Notes
Turn   | Place    | Note
-------+----------+-------------------------------------------
     0 | D:1      | Locuples the Kobold Assassin began the quest for the Orb.
     0 | D:1      | Reached XP level 1. HP: 12/12 MP: 1/1
   147 | D:1      | Reached XP level 2. HP: 11/17 MP: 2/2
   563 | D:1      | Reached skill level 6 in Stealth
   634 | D:1      | Reached XP level 3. HP: 22/22 MP: 3/3
   820 | D:2      | Found Jimefagod's Jewellery Shop.
  1086 | D:2      | Noticed a great orb of eyes
  1316 | D:2      | Reached XP level 4. HP: 19/27 MP: 4/4
  1451 | D:2      | Noticed Terence
  1461 | D:2      | Killed Terence
  1529 | D:2      | Reached skill level 7 in Stealth
  1529 | D:2      | Reached XP level 5. HP: 16/31 MP: 5/5
  1963 | D:2      | Found a faded altar of an unknown god.
  1971 | D:2      | Noticed an eye of devastation
  1973 | D:2      | Noticed a great orb of eyes
  1973 | D:2      | Noticed an eye of devastation
  2012 | D:2      | Found a snail-covered altar of Cheibriados.
  3766 | D:3      | Reached skill level 5 in Short Blades
  3766 | D:3      | Reached XP level 6. HP: 23/36 MP: 6/6
  4242 | D:4      | Reached skill level 8 in Stealth
  4307 | D:4      | Found an iron altar of Okawaru.
  4694 | D:4      | Reached XP level 7. HP: 7/40 MP: 7/7
  4970 | D:4      | Found an ancient bone altar of Kikubaaqudgha.
  4982 | D:4      | Reached skill level 9 in Stealth
  5452 | D:5      | Entered Level 5 of the Dungeon
  5500 | D:5      | Reached skill level 10 in Stealth
  5512 | D:5      | Splashed by a jelly's acid

Illustrated notes

Levels and vault maps discovered:
D:1:      dpeg_arrival_pits
D:2:      layout_basic, basic_altar, serial_co_window_serial, co_window_paths_b,
          co_window_paths_b, co_window_corner_a, co_window_paths_b,
          co_window_paths_a, co_window_paths_c, co_window_of_opportunity_b,
          co_window_2corner, co_window_of_opportunity_c, co_window_sun,
          glass_columns_b, glass_columns_b, glass_columns_a, glass_columns_a,
          hellmonk_ecumenical_altar_watching_god, serial_shops,
          nicolae_shop_temple_entry_statues_fountains, uniq_terence
D:3:      layout_basic
D:4:      layout_loops_ring, amcnicky_altar_gilded,
          lemuel_mausoleum_altar_kikubaaqudgha, fountainhead
D:5:      layout_basic, nicolae_elyvilon_peaceful_grove,
          kennysheep_generic_room_10, uniq_edmund, uniq_eustachio,
          uniq_blork_the_orc

Skill      XL: |  1  2  3  4  5  6  7 |
---------------+----------------------+-----
Stealth        | 6 7 8 10 | 10.0
Short Blades   | 3 4 5 6 |  6.7
Dodging        | 2 |  2.1
Fighting       | |  2.6
Throwing       | |  2.3

Action                   |  1- 3 |  4- 6 |  7- 9 || total
-------------------------+-------+-------+-------++-------
Melee: Dagger            |    25 |       |       ||    25
       Dagger            |    98 |   184 |    42 ||   324
       Punch             |     2 |     4 |       ||     6
  Use: Potion            |       |     3 |     3 ||     6
       Scroll            |       |     1 |       ||     1
 Stab: Sleeping          |     1 |       |       ||     1
       Sleeping          |     3 |    14 |     9 ||    26
Armor: Robe              |    10 |       |       ||    10
       Leather armour    |     6 |    24 |     2 ||    32
Dodge: Dodged            |    54 |    75 |    21 ||   150

Table legend: (Time is in decaauts)
 A = Elapsed time spent in this place.
 B = Non-inter-level travel time spent in this place.
 C = Inter-level travel time spent in this place.
 D = Time resting spent in this place.
 E = Time spent auto-exploring this place.
 F = Levels seen in this place.
 G = Mean time per level.
                   A        B        C        D        E       F      G
               +--------+--------+--------+--------+--------+-----+--------+
         Total |   5501 |   5501 |      0 |   1243 |   2894 |   5 | 1100.2 |
       Dungeon |   5501 |   5501 |      0 |   1243 |   2894 |   5 | 1100.2 |
               +--------+--------+--------+--------+--------+-----+--------+

Top non-repeatable levels by time:
     D:2: 1695 daAuts
     D:3: 1552 daAuts
     D:4: 1359 daAuts
     D:1: 613 daAuts
     D:5: 24 daAuts
Note: time per level data comes from an upgraded game and may be incomplete.
